Map: [ESL] NeoHumanity

Players

Fjant

  • Race: Zerg Zerg
  • League: Grandmaster
  • Spawn Location: 11:00

Geralt (Gerald) - Winner!

  • Race: Protoss Protoss
  • League: Grandmaster
  • Spawn Location: 5:00

Event: HomeStory Cup XXIII

VOD

Have the link to the VOD?

Description

Time

  • Played on: June 30, 2023, 3:36 p.m.
  • Length: 13:23

All games in this series

Show
View Real Time Build Order
Export as new Build Order

Fjant Zerg 

Build Orders: Hatch First, Swarm Host 

Get SALT Encoding   

  12  0:00  Drone  
  13  0:12  Drone  
  14  0:36  Hatchery  
  13  0:51  Spawning Pool  
  12  0:58  Drone  
  12  1:03  Drone  
  14  1:13  Extractor  
  14  1:15  Drone  
  14  1:18  Overlord  
  15  1:44  Zergling x6  
  18  1:47  Queen  
  18  1:48  Zergling x2  
  21  1:56  Zergling x2  
  21  2:00  Spine Crawler  
  21  2:05  Zergling x2  
  22  2:09  Zergling x2  
  23  2:16  Zergling x2  
  23  2:22  Zergling x4  
  26  2:37  Spine Crawler  
  23  2:39  Zergling x6  
  23  2:42  Zergling x2  
  24  2:51  Zergling x2  
  23  2:59  Zergling x2  
  23  3:02  Drone  
  23  3:04  Spine Crawler  
  24  3:08  Drone  
  24  3:10  Extractor  
  24  3:14  Drone  
  25  3:20  Drone  
  25  3:25  Drone  
  27  3:35  Overlord  
  27  3:46  Overlord  
  27  3:55  Drone x3  
  30  3:58  Drone  
  31  4:13  Drone x2  
  33  4:17  Drone x3  
  33  4:21  Drone  
  37  4:25  Metabolic Boost  
  37  4:29  Drone  
  38  4:37  Drone x2  
  40  4:42  Zergling x2  
  40  4:54  Zergling x2  
  40  4:55  Zergling x4  
  40  4:58  Hatchery  
  42  5:03  Overlord  
  42  5:05  Overlord  
  42  5:12  Drone, Spore Crawler  
  42  5:16  Drone  
  43  5:24  Drone  
  43  5:25  Drone x2  
  44  5:28  Zergling x2  
  44  5:32  Zergling x2  
  44  5:39  Overlord  
  44  5:41  Zergling x2  
  44  5:42  Zergling x2  
  46  5:46  Zergling x2  
  47  5:52  Lair  
  47  5:53  Drone x2  
  49  6:03  Drone  
  50  6:08  Extractor  
  49  6:13  Drone x2  
  51  6:23  Overlord  
  51  6:24  Drone x2  
  51  6:25  Drone, Roach Warren  
  54  6:29  Overlord  
  53  6:43  Hatchery  
  52  6:52  Nydus Network, Overseer  
  52  6:53  Overlord  
  51  6:54  Drone x3  
  51  6:55  Drone, Overlord  
  51  6:56  Overlord  
  51  6:59  Overlord  
  51  7:00  Drone x2  
  50  7:17  Roach x5  
  50  7:19  Roach  
  62  7:26  Roach  
  62  7:27  Roach x3  
  62  7:28  Zergling x2  
  71  7:30  Roach  
  71  7:37  Spore Crawler  
  72  7:42  Zergling x6  
  72  7:52  Drone  
  72  7:54  Drone x2  
  72  7:56  Zergling x8  
  79  7:59  Drone  
  79  8:03  Drone  
  79  8:05  Drone  
  82  8:07  Glial Reconstitution  
  82  8:08  Drone  
  82  8:11  Unknown  
  78  8:14  Drone x3  
  78  8:19  Drone  
  82  8:21  Zergling x2  
  82  8:23  Zergling x8  
  87  8:27  Drone  
  87  8:32  Zergling x2  
  87  8:33  Zergling x2  
  86  8:39  Drone x2  
  86  8:41  Zergling x4  
  89  8:46  Zergling x2, Ravager x4  
  94  8:49  Zergling x4  
  94  8:52  Zergling x2  
  97  8:57  Zergling x2  
  94  9:04  Zergling x6  
  94  9:12  Zergling x10  
  94  9:16  Roach x2  
  102  9:19  Zergling x2  
  100  9:30  Roach x4  
  107  9:31  Drone  
  107  9:34  Spire  
  107  9:36  Extractor  
  106  9:40  Drone x3  
  106  9:41  Queen  
  111  9:47  Roach x3  
  111  9:50  Roach  
  118  9:59  Roach x4  
  110  10:05  Roach  
  94  10:22  Drone x2  
  96  10:30  Overlord  
  96  10:32  Zergling x8  
  96  10:33  Overlord  
  100  10:37  Overseer  
  100  10:39  Spore Crawler, Overseer  
  98  10:53  Mutalisk x5  
  98  10:56  Hatchery  
  101  10:58  Zergling x14  
  101  11:00  Mutalisk  
  107  11:06  Drone  
  102  11:11  Zergling x8  
  102  11:15  Roach  
  102  11:18  Roach  
  103  11:26  Roach x2  
  103  11:32  Roach x2  
  95  11:39  Roach x2  
  85  11:44  Roach  
  85  11:46  Roach  
  56  11:54  Roach  
  49  12:08  Zergling x2  
  49  12:09  Zergling x6  
  49  12:11  Zergling x2, Infestation Pit  
  49  12:13  Drone  
  49  12:15  Roach  
  49  12:21  Drone x2  
  48  12:36  Drone  
  47  12:41  Drone  
  47  12:42  Drone x2  
  50  12:51  Swarm Host x4  
Show
View Real Time Build Order
Export as new Build Order

Geralt Protoss - Winner!

Build Orders:  

Get SALT Encoding   

  12  0:00  Probe  
  13  0:12  Probe  
  14  0:18  Pylon  
  14  0:24  Probe  
  15  0:36  Probe (Chrono Boost)  
  15  0:38  Gateway  
  16  0:46  Probe (Chrono Boost), Assimilator  
  17  0:51  Probe (Chrono Boost)  
  18  1:02  Probe  
  19  1:15  Probe  
  20  1:24  Forge  
  20  1:26  Cybernetics Core, Zealot  
  20  1:27  Probe  
  23  1:35  Pylon  
  23  1:53  Probe  
  23  1:57  Photon Cannon  
  23  1:59  Gateway  
  23  2:00  Stalker (Chrono Boost)  
  23  2:05  Photon Cannon  
  25  2:20  Photon Cannon  
  25  2:26  Gateway  
  25  2:29  Probe  
  26  2:40  Photon Cannon  
  26  2:55  Warp Gate (Chrono Boost)  
  26  2:59  Stalker  
  28  3:12  Photon Cannon  
  28  3:15  Pylon  
  28  3:25  Stalker  
  30  3:42  Sentry  
  30  3:45  Assimilator  
  30  3:46  Pylon  
  32  3:51  Pylon  
  32  4:04  Probe  
  33  4:13  Nexus  
  33  4:15  Shield Battery  
  33  4:22  Probe  
  34  4:26  Robotics Facility  
  34  4:38  Adept x2  
  34  4:42  Probe  
  39  4:54  Probe  
  40  5:06  Probe  
  41  5:18  Probe  
  41  5:21  Robotics Bay  
  42  5:30  Probe x2  
  42  5:32  Warp Prism (Chrono Boost)  
  46  5:42  Probe x2  
  48  5:54  Probe x2 (Chrono Boost)  
  50  6:03  Twilight Council  
  52  6:05  Probe x2 (Chrono Boost)  
  52  6:10  Probe x2 (Chrono Boost)  
  52  6:12  Disruptor (Chrono Boost)  
  52  6:14  Gravitic Drive  
  57  6:20  Assimilator  
  57  6:21  Probe  
  57  6:22  Assimilator  
  57  6:24  Probe, Gateway  
  59  6:26  Gateway  
  60  6:41  Disruptor (Chrono Boost)  
  62  6:47  Pylon  
  62  6:58  Pylon  
  62  7:04  Pylon  
  62  7:05  Probe x2  
  64  7:13  Stalker x3  
  57  7:17  Probe x2  
  57  7:18  Protoss Ground Weapons Level 1  
  59  7:24  Colossus (Chrono Boost)  
  59  7:29  Gateway  
  66  7:30  Gateway  
  66  7:32  Zealot  
  66  7:34  Gateway  
  66  7:36  Probe x2  
  69  7:41  Stalker x2  
  73  7:53  Probe  
  73  7:54  Probe  
  75  7:58  Blink  
  75  8:00  Pylon  
  75  8:14  Nexus  
  75  8:17  Pylon  
  75  8:21  Dark Shrine, Pylon  
  75  8:26  Pylon  
  74  8:34  Probe  
  74  8:39  Nexus  
  74  8:41  Pylon, Colossus (Chrono Boost)  
  74  8:47  Zealot x4  
  88  8:51  Shield Battery  
  88  9:03  Probe  
  85  9:13  Zealot  
  85  9:14  Zealot x5  
  85  9:15  Probe  
  88  9:30  Probe  
  80  9:31  Disruptor (Chrono Boost)  
  80  9:32  Probe  
  80  9:35  Dark Templar x3  
  80  9:37  Shield Battery  
  90  9:40  Dark Templar  
  90  9:43  Archon  
  90  9:44  Archon  
  92  9:46  Probe  
  92  9:50  Dark Templar x2  
  96  10:03  Zealot x2  
  94  10:10  Disruptor  
  93  10:24  Stalker x5  
  93  10:25  Probe x2  
  105  10:29  Probe  
  105  10:32  Shield Battery  
  106  10:37  Probe  
  106  10:38  Probe  
  106  10:41  Probe  
  109  10:45  Assimilator  
  109  10:49  Probe  
  110  10:50  Probe, Assimilator  
  110  10:51  Pylon  
  110  10:56  Probe  
  108  11:08  Stalker x7  
  108  11:10  Probe  
  123  11:36  Stalker x5  
  127  11:50  Stalker x3  
  133  11:55  Pylon  
  133  11:56  Pylon  
  133  12:01  Nexus  
  133  12:03  Pylon  
  131  12:24  Disruptor  
  131  12:26  Probe x2  
  136  12:32  Stalker x7  
  136  12:33  Stalker  
  152  12:44  Probe, Photon Cannon  
  152  12:45  Shield Battery  
  152  12:47  Pylon  
  152  12:49  Probe  
  152  12:50  Probe  
  155  12:56  Zealot  
Tags
 
Add a new tag
Caveats
  • Supply blocks, unpowered buildings, or Contaminate may cause inaccurate times.
  • Supply counts are checked every 10 seconds.